Description

I saw a cool build, I made a guide.

VOD

https://youtu.be/QmAa8hlyJdA

Replay - Proxy NEXUS vs Terran | Guide

Build Order

Get SALT Encoding   

  12  0:04  Probe  
  13  0:16  Probe  
  13  0:20  Pylon  
  14  0:28  Probe (Chrono Boost)  
  15  0:40  Gateway, Probe (Chrono Boost)  
  16  0:45  Assimilator  
  16  0:48  Probe (Chrono Boost)  
  17  0:54  Probe  
  18  1:06  Probe  
  19  1:18  Probe  
  20  1:27  Cybernetics Core  
  20  1:29  Zealot  
  20  1:32  Probe  
  23  1:38  Pylon  
  23  1:55  Nexus  
  23  2:04  Adept (Chrono Boost)  
  23  2:08  Warp Gate  
  25  2:26  Adept  
  27  2:38  Nexus  
  27  2:42  Twilight Council  
  27  2:50  Assimilator  
  27  2:51  Probe  
  28  3:27  Dark Shrine  
  28  3:34  Stalker  
  28  3:40  Gateway  
  39  4:17  Stalker  
  39  4:19  Pylon x2  
  45  4:42  Dark Templar x2  
  50  4:46  Robotics Facility  
  53  5:09  Forge  
  55  5:19  Nexus  
Spawning Tool Build Advisor. Get it on Overwolf

Go to:

Details

  • Created by: Joaco
  • Published on: Apr 24, 2020
  • Modified on: Apr 24, 2020
  • Patch: 4.11.0
Show
View Real Time Build Order
Export as new Build Order

Comments (0)

There are no comments. Be the first!

Create an account to comment!